 Dungeon Crawl Stone Soup version 0.23.2-1-ga50397a (webtiles) character file.

Game seed: 14650782659679278329

127 Fang the Skirmisher (level 5, -4/49 HPs)
             Began as a Gargoyle Berserker on Apr 25, 2019.
             Was a Believer of Trog.
             Slain by an ogre
             ... wielding a cursed -1 giant spiked club
              (17 damage)
             ... on level 4 of the Dungeon.
             The game lasted 00:02:17 (2473 turns).

Fang the Skirmisher (Gargoyle Berserker)            Turns: 2473, Time: 00:02:18

Health: -4/49      AC: 15    Str: 26    XL:     5   Next: 11%
Magic:  5/5        EV:  8    Int:  8    God:    Trog [**....]
Gold:   103        SH:  0    Dex:  9    Spells: 4/4 levels left

rFire    . . .     SeeInvis .   a - +0 hand axe
rCold    + . .     Gourm    .   (no shield)
rNeg     + . .     Faith    .   b - +0 plate armour
rPois    ∞         Spirit   .   (no helmet)
rElec    +         Reflect  .   (no cloak)
rCorr    .         Harm     .   (no gloves)
MR       .....                  (no boots)
Stlth    ..........             (no amulet)
HPRegen  0.16/turn              k - ring of protection from cold
MPRegen  0.09/turn              (no ring)

@: berserking, very quick
A: negative energy resistance 1, electricity resistance, unbreathing,
petrification resistance, rot immunity, AC +4
a: Berserk, Trog's Hand, Renounce Religion


You were on level 4 of the Dungeon.
You worshipped Trog.
Trog was pleased with you.
You were not hungry.

You visited 1 branch of the dungeon, and saw 4 of its levels.

You collected 103 gold pieces.

Inventory:

Hand Weapons
 a - a +0 hand axe (weapon)
Armour
 b - a +0 plate armour (worn)
Jewellery
 k - a ring of protection from cold (left hand)
Scrolls
 d - a scroll of immolation {unknown}
 f - 3 scrolls of blinking {unknown}
 h - a scroll of magic mapping {unknown}
 j - a scroll of identify {unknown}
 l - a scroll of remove curse {unknown}
 n - a scroll of random uselessness {unknown}
 p - a scroll of enchant armour {unknown}
 q - a scroll of teleportation {unknown}
 r - a scroll of amnesia {unknown}
 t - a scroll of enchant weapon {unknown}
Potions
 e - a potion of haste {unknown}
 g - 2 potions of heal wounds {unknown}
 i - a potion of brilliance {unknown}
 m - a potion of resistance {unknown}
 o - a potion of lignification {unknown}
 s - 2 potions of ambrosia {unknown}
Comestibles
 c - 7 rations


   Skills:
 + Level 4.1 Fighting
 + Level 3.4 Axes
 + Level 3.3 Armour
 + Level 2.5 Dodging


You had 4 spell levels left.
You didn't know any spells.
Your spell library was empty.

Dungeon Overview and Level Annotations

Branches:
Dungeon (4/15)
 Temple: D:4-7

Altars:


Innate Abilities, Weirdness & Mutations

You are resistant to torment.
Your stone body is resilient. (AC +4)
You are immune to poison.
You resist negative energy. (rN+)
You are resistant to electric shocks. (rElec)
You can survive without breathing.
You are immune to petrification.
You are immune to rotting.


Message History

Found a stone staircase leading down.
Search for what [Enter for "axe", or ? for help]?
g - 2 fizzy amethyst potions (gained 1)
Found 25 arrows.
Found a stone staircase leading down.
An ogre comes into view. It is wielding a -1 giant spiked club.
The ogre shouts!
The ogre hits you with a cursed -1 giant spiked club!!
Ouch! That really hurt!
* * * LOW HITPOINT WARNING * * *
You are too injured to fight recklessly!
You are too injured to fight recklessly!
You are too injured to fight recklessly!
You are too injured to fight recklessly!
You are too injured to fight recklessly!
A red film seems to cover your vision as you go berserk!
You feel yourself moving faster!
You feel mighty!
You feel a lot more hungry.
You closely miss the ogre.
The ogre hits you with a cursed -1 giant spiked club!
You die...

#.# #.. .. #.#
..##.. #.# ..##.#
####.## ...
#.....# #..
#.##..# #..
#.#...# #..#
#O#.#.# #...
#.@...#######
#.##
###.#.......#
#... #.#.#####<#
####
#.#.......#### #
#>#.##.......####
#......#..##.....
###.####..#######
# ....# ....##


You could see an ogre.

Vanquished Creatures
  Terence (D:2)
  4 adders
  5 worms
  3 dart slugs
  A leopard gecko (D:1)
  2 giant cockroaches
  4 goblins
  4 hobgoblins
  2 jackals (D:2)
  4 kobolds
  A quokka (D:3)
  10 bats
  3 frilled lizards
  2 rats
46 creatures vanquished.

Notes
Turn   | Place    | Note
-------+----------+-------------------------------------------
     0 | D:1      | Fang the Gargoyle Berserker began the quest for the Orb.
     0 | D:1      | Reached XP level 1. HP: 14/14 MP: 1/1
   372 | D:1      | Reached XP level 2. HP: 19/19 MP: 2/2
   891 | D:2      | Reached XP level 3. HP: 13/23 MP: 3/3
  1037 | D:2      | Noticed Terence
  1048 | D:2      | Killed Terence
  1048 | D:2      | Reached XP level 4. HP: 9/29 MP: 4/4
  1051 | D:2      | Reached ** piety under Trog
  1552 | D:2      | Found a faded altar of an unknown god.
  1561 | D:2      | Reached skill level 4 in Fighting
  2163 | D:3      | Reached XP level 5. HP: 33/33 MP: 5/5
  2471 | D:4      | Noticed an ogre
  2473 | D:4      | Slain by an ogre

Skill      XL: |  1  2  3  4 |
---------------+-------------+-----
Axes           | 3 |  3.4
Dodging        | 2 |  2.5
Armour         | 3 |  3.3
Fighting       | 4 |  4.1

Action                   |  1- 3 |  4- 6 || total
-------------------------+-------+-------++-------
Melee: Hand axe          |    54 |   105 ||   159
Invok: Berserk           |     2 |     1 ||     3
 Stab: Sleeping          |     2 |       ||     2
  Eat: Chunk             |     1 |     6 ||     7
Armor: Animal skin       |    17 |    29 ||    46
       Plate armour      |       |    38 ||    38
Dodge: Dodged            |    20 |    57 ||    77
